 Dungeon Crawl Stone Soup version 0.30-a0-354-g6b83867211 (webtiles) character file.

Game seed: 3918685349866929843

111554 flotson the Fighter (level 16, -4/127 HPs)
             Began as a Demonspawn Delver on Nov 7, 2022.
             Was an Initiate of Gozag.
             Slain by a +3 halberd of protection (13 damage)
             ... on level 1 of the Elven Halls.
             The game lasted 01:00:14 (30265 turns).

flotson the Fighter (Demonspawn Delver)            Turns: 30265, Time: 01:00:15

Health: -4/127     AC: 39    Str: 31    XL:     16   Next: 9%
Magic:  16/16      EV: 10    Int: 14    God:    Gozag
Gold:   1964       SH: 21    Dex: 14    Spells: 15/15 levels left

rFire   + . .      SeeInvis +    a - +8 demon blade "Leech" {vamp, Harm Drain rN+}
rCold   . . .      Faith    .    r - +0 tower shield
rNeg    + . .      Spirit   .    A - +7 plate armour of the Purple Skies {rF+ Will+ Str+3 Int-5}
rPois   .          Reflect  +    d - +1 helmet of the Monkey's Uncle {Int+4}
rElec   .          Harm     +    (cloak unavailable)
rCorr   .          Rampage  ∞    G - +2 pair of gloves "Coaqier" {Int+4 SInv}
Will    ++...                    Z - +3 pair of seven-league boots {Rampage+∞}
Stlth   ..........               m - amulet of reflection
HPRegen 0.41/turn                D - +6 ring of strength
MPRegen 0.30/turn                E - +4 ring of protection

@: gold aura
A: molten scales 2, foul stench 3, magic regeneration, weakness stinger 3
a: Renounce Religion, Potion Petition, Call Merchant, Bribe Branch


You were on level 1 of the Elven Halls.
You worshipped Gozag.
Gozag was most pleased with you.
You visited 5 branches of the dungeon, and saw 24 of its levels.
You also visited: Sewer, Ossuary and Gauntlet.

You collected 8825 gold pieces.
You spent 5761 gold pieces at shops.
You paid 1100 gold pieces to Gozag.

Inventory:

Hand Weapons
 a - the +8 demon blade "Leech" (weapon) {vamp, Harm Drain rN+}
   (You bought it in a shop on level 3 of the Dungeon)

   It heals its wielder for a portion of the damage dealt every time it strikes
   a living foe.
   rN:        It protects you from negative energy.
   Drain:     It drains your maximum health when unequipped.
   Harm:      It increases damage dealt and taken.
Missiles
 h - 11 javelins (quivered)
 z - 19 boomerangs
 P - 12 curare-tipped darts
 Q - 4 throwing nets
 U - 4 atropa-tipped darts
Armour
 d - the +1 helmet of the Monkey's Uncle (worn) {Int+4}
   (You found it in a Gauntlet)

   Int:       It affects your intelligence (+4).
 r - a +0 tower shield (worn)
 A - the +7 plate armour of the Purple Skies (worn) {rF+ Will+ Str+3 Int-5}
   (You acquired it on level 3 of the Lair of Beasts)

   Str:       It affects your strength (+3).
   Int:       It affects your intelligence (-5).
   rF:        It protects you from fire.
   Will:      It increases your willpower.
 G - the +2 pair of gloves "Coaqier" (worn) {Int+4 SInv}
   (You acquired it on level 3 of the Lair of Beasts)

   Int:       It affects your intelligence (+4).
   SInv:      It lets you see invisible.
 Z - the +3 pair of seven-league boots (worn) {Rampage+∞}
   (You bought it in a shop on level 2 of the Orcish Mines)

   Its wearer moves as far as possible in that direction when moving towards
   enemies.
Jewellery
 k - a ring of poison resistance
 m - an amulet of reflection (around neck)
 D - a +6 ring of strength (left hand)
 E - a +4 ring of protection (right hand)
 W - an amulet of guardian spirit
Wands
 g - a wand of digging (18)
 x - a wand of roots (31)
 F - a wand of paralysis (32)
 H - a wand of polymorph (28)
 I - a wand of mindburst (22)
 X - a wand of light (5)
Scrolls
 b - 2 scrolls of immolation
 c - 5 scrolls of fog
 e - a scroll of silence
 j - 2 scrolls of poison
 q - 5 scrolls of enchant armour
 s - 2 scrolls of summoning
 v - 2 scrolls of blinking
 y - 9 scrolls of teleportation
 J - 8 scrolls of identify
 L - 3 scrolls of enchant weapon
 M - 4 scrolls of vulnerability
 O - a scroll of torment
 R - 5 scrolls of fear
Potions
 f - 2 potions of haste
 i - 9 potions of curing
 l - 9 potions of mutation
 n - 5 potions of heal wounds
 p - 4 potions of attraction
 w - 2 potions of cancellation
 B - 5 potions of lignification
 C - 8 potions of flight
 K - 2 potions of invisibility
 N - 5 potions of ambrosia
 S - 2 potions of brilliance
 T - a potion of berserk rage
 V - 2 potions of might
Miscellaneous
 o - a piece from Xom's chessboard (15/15)
 t - a condenser vane (inert)
 u - a phantom mirror
 Y - a box of beasts


   Skills:
 + Level 11.8 Fighting
 + Level 10.6 Long Blades
 - Level 2.1 Axes
 + Level 10.5 Throwing
 + Level 10.5 Armour
 + Level 10.6 Dodging
 - Level 4.5 Stealth
 + Level 10.3 Shields
 + Level 11.2 Evocations


You had 15 spell levels left.
You didn't know any spells.
Your spell library contained the following spells:

 Spells                   Type           Power      Damage    Failure   Level
 Apportation              Tloc           0%         N/A       100%        1
 Beastly Appendage        Tmut           0%         N/A       100%        1
 Freeze                   Ice            0%         1d3       100%        1
 Kiss of Death            Conj/Necr      0%         2d5       100%        1
 Necrotise                Necr           0%         1d4       100%        1
 Slow                     Hex            0%         N/A       100%        1
 Sting                    Tmut/Pois      0%         1d3       100%        1
 Summon Small Mammal      Summ           0%         N/A       100%        1
 Ensorcelled Hibernation  Hex/Ice        0%         N/A       100%        2
 Poisonous Vapours        Pois/Air       0%         N/A       100%        2
 Static Discharge         Conj/Air       0%         2-2/arc   100%        2
 Wereblood                Tmut           0%         N/A       100%        2
 Call Canine Familiar     Summ           0%         N/A       100%        3
 Confusing Touch          Hex            0%         N/A       100%        3
 Inner Flame              Hex/Fire       0%         N/A       100%        3
 Ozocubu's Armour         Ice            0%         N/A       100%        3
 Portal Projectile        Hex/Tloc       0%         N/A       100%        3
 Spider Form              Tmut/Pois      0%         N/A       100%        3
 Vampiric Draining        Necr           0%         2d6       100%        3
 Cause Fear               Hex            0%         N/A       100%        4
 Dispel Undead            Necr           0%         3d6       100%        4
 Leda's Liquefaction      Hex/Erth       0%         N/A       100%        4
 Olgreb's Toxic Radiance  Pois           0%         N/A       100%        4
 Summon Lightning Spire   Summ/Air       0%         N/A       100%        4
 Blade Hands              Tmut           0%         N/A       100%        5
 Irradiate                Conj/Tmut      0%         3d11      100%        5
 Metabolic Englaciation   Hex/Ice        0%         N/A       100%        5
 Dragon Form              Tmut           0%         N/A       100%        7
 Storm Form               Tmut/Air       0%         N/A       100%        7
 Discord                  Hex            0%         N/A       100%        8
 Maxwell's Capacitive Co  Air            0%         ∞         100%        8


Dungeon Overview and Level Annotations

Branches:
Dungeon (15/15)            Temple (1/1) D:5            Lair (5/5) D:8
 Shoals (0/4) Lair:3        Snake (0/4) Lair:2        Slime (0/5) Lair:4
    Orc (2/2) D:11            Elf (1/3) Orc:2        Vaults (0/5) D:13
 Depths (0/4) D:15          Sewer (visited)         Ossuary (visited)
Gauntlet (visited)

Altars:
Ashenzari
Dithmenos
Fedhas
Gozag
Hepliaklqana
Makhleb
Nemelex Xobeh
Okawaru
Qazlal
Ru
Sif Muna
Trog
Uskayaw
Wu Jian
Xom

Shops:
D:3 (   D:5 =   D:6 :   D:7 !   D:13 *!   D:14 ?   Orc:1 ((*[   Orc:2 ?[[*[*[

Portals:
Trove: Elf:1 (show slimy rune of Zot)

Annotations:
D:6 exclusion: downstairs
D:12 2 runed translucent doors, Rezos's ghost, journeyman MiFi


Innate Abilities, Weirdness & Mutations

You are mostly covered in molten scales. (AC +3)
You frequently emit foul miasma when damaged in melee.
You regenerate magic rapidly.
You have a sharp stinger which inflicts weakening toxins.


Message History

There is an open door, spattered with blood here.
Items here: $ )) [.
You barely miss the deep elf knight.
The +3 halberd of protection hits you but does no damage.
A deep elf pyromancer comes into view.
It is wielding a +1 short sword of venom.
You block the +3 halberd of protection's attack.
Unknown command.
You closely miss the deep elf knight.
The deep elf pyromancer shouts!
The deep elf knight hits you but does no damage.
The +3 halberd of protection hits you from afar!
Unknown command.
You are too injured to fight recklessly!
Unknown command.
You are too injured to fight recklessly!
Unknown command.
You are too injured to fight recklessly!
Unknown command.
You barely miss the deep elf knight.
You block the +3 halberd of protection's attack.
The deep elf knight casts a spell at you.
The shard of ice hits you!
You block the +3 halberd of protection's attack.
You closely miss the deep elf knight.
Your tail-slap misses the deep elf knight.
The deep elf pyromancer mumbles some strange words.
The deep elf pyromancer blinks!
The deep elf zephyrmancer casts a spell.
The deep elf zephyrmancer blinks!
The deep elf knight gestures at you while chanting.
The shard of ice hits you!!
* * * LOW HITPOINT WARNING * * *
A deep elf pyromancer comes into view. It is wielding a +0 long sword.
You block the +3 halberd of protection's attack.
You block the deep elf knight's attack.
The deep elf pyromancer moves out of view.
You miss the deep elf knight.
The +3 halberd of protection hits you from afar!
You die...
Your body crumbles into a pile of gold.

..# ##. ..# ## #.# # #.#
# ##'######## #
##..$.#....## # e.###
##...........## #
.e'§.e##.............###
#(e@.$.......$....'.
#.##.........$....'. #
##.............##
#++########+### $ $


You could see a deep elf knight, 2 deep elf pyromancers, a deep elf zephyrmancer
and a +3 halberd of protection.

Vanquished Creatures
  Nikola (Elf:1)
  Kirke (Lair:5)
  3 dire elephants
  A minotaur (Gauntlet)
  2 fire dragons (D:15)
  Harold (D:9)
  4 hydras
  6 centaur warriors
  4 two-headed ogres
  2 dancing weapons (D:13)
  5 boulder beetles
  16 death yaks
  2 tengu warriors
  An orc high priest (Orc:1)
  Nergalle (Lair:3)
  2 spectral death yaks (Lair:5)
  5 skeletal warriors (D:14)
  A spectral anaconda (Lair:5)
  2 deep elf archers (Elf:1)
  An obsidian statue (Lair:5)
  3 orc knights
  A wizard (D:15)
  6 deep elf pyromancers
  4 ugly things
  4 necromancers (Lair:5)
  2 slime creatures (D:15)
  6 cyclopes
  An orc sorcerer (Orc:2)
  7 black mambas
  52 elephants
  13 cane toads
  A dire elephant skeleton (Lair:5)
  3 gargoyles
  A guardian serpent (shapeshifter) (D:13)
  A minotaur zombie (Gauntlet)
  2 rime drakes
  An efreet (D:13)
  9 komodo dragons
  An unseen horror (D:11)
  5 kobold demonologists
  A freezing wraith (D:14)
  2 tengu conjurers
  5 polar bears
  20 blink frogs
  3 meliai (Gauntlet)
  8 trolls
  A wolf spider simulacrum (D:15)
  A hornet (D:11)
  Prince Ribbit (D:5)
  3 spectral elephants (Lair:5)
  2 shadows
  A ynoxinul (Gauntlet)
  A spriggan (Lair:4)
  A centaur simulacrum (D:10)
  4 wyverns
  A fire elemental (Elf:1)
  3 hogs (Lair:5)
  A yak (shapeshifter) (D:15)
  41 yaks
  2 wraiths
  4 basilisks
  2 steam dragons
  3 wargs
  2 nagas (Lair:2)
  A spectral cane toad (Lair:5)
  Edmund (D:5)
  An acid dragon (Gauntlet)
  7 water moccasins
  Duvessa (D:5)
  34 orc warriors
  The ghost of logorrheac the Fighter, an amateur GnWn (D:3)
  3 sky beasts
  3 black bears
  2 ice beasts
  10 ogres
  2 elephant zombies (Lair:5)
  A hornet zombie (D:6)
  12 wolves (Lair:4)
  14 centaurs
  An elephant skeleton (Lair:5)
  A phantom (D:6)
  7 kobold brigands
  Blork the orc (D:6)
  8 bullfrogs
  A necrophage (D:4)
  An earth elemental (D:13)
  2 gnoll sergeants (D:7)
  3 scorpions
  A wyvern zombie (D:6)
  4 wights
  Dowan (D:5)
  A water moccasin skeleton (D:6)
  A wyvern skeleton (D:6)
  16 killer bees
  An elephant simulacrum (Lair:5)
  16 howler monkeys
  11 electric eels
  A centaur zombie (D:6)
  A bullfrog zombie (D:6)
  12 hounds
  A jelly (D:8)
  6 gnoll boudas
  14 orc priests
  4 iguanas
  2 iron imps (Gauntlet)
  Jessica (D:3)
  Ijyb (D:4)
  19 orc wizards
  9 hell rats
  A killer bee zombie (D:6)
  3 howler monkey zombies (D:6)
  8 mummies (Ossuary)
  17 gnolls
  A howler monkey skeleton (D:6)
  10 adders
  2 river rats (Sewer)
  2 white imps
  2 worms (D:2)
  3 dart slugs
  64 orcs
  4 ball pythons
  A bat (D:2)
  4 endoplasms
  3 giant cockroaches
  4 hobgoblins
  A jackal (Sewer)
  34 kobolds
  5 quokkas
  3 frilled lizards
  6 goblins
  6 hobgoblin zombies (Ossuary)
  A kobold zombie (Ossuary)
  An orc zombie (Ossuary)
  4 rats
728 creatures vanquished.

Vanquished Creatures (collateral kills)
  Rupert (D:15)
1 creature vanquished.

Vanquished Creatures (others)
  2 orcs (Orc:2)
  136 fungi
  196 plants
  25 withered plants
359 creatures vanquished.

Grand Total: 1088 creatures vanquished

Notes
Turn   | Place    | Note
-------+----------+-------------------------------------------
     0 | D:5      | flotson the Demonspawn Delver began the quest for the Orb.
     0 | D:5      | Reached XP level 1. HP: 18/18 MP: 1/1
   131 | D:4      | Identified the +1 ring mail "Sowoiq" {Rampage Fly}
   171 | D:3      | Gained mutation: You may rarely emit foul miasma when
                  | damaged in melee. [demonic ancestry]
   171 | D:3      | Reached XP level 2. HP: 23/24 MP: 2/2
   269 | D:1      | Found a faded altar of an unknown god.
   775 | D:1      | Reached skill level 1 in Evocations
   968 | D:2      | Gained mutation: You are partially covered in molten
                  | scales. (AC +2) [demonic ancestry]
   968 | D:2      | Reached XP level 3. HP: 8/29 MP: 3/3
  1170 | D:2      | Reached skill level 1 in Armour
  1252 | D:2      | Reached skill level 1 in Throwing
  1941 | D:4      | Gained mutation: You have a small tail. [demonic ancestry]
  1941 | D:4      | Reached XP level 4. HP: 27/35 MP: 4/4
  2114 | D:3      | Noticed Jessica
  2117 | D:3      | Found Nuestoap's Antique Weapon Shoppe.
  2132 | D:3      | Killed Jessica
  2245 | D:3      | Found a runed translucent gate.
  2245 | D:3      | Found a runed translucent gate.
  2245 | D:3      | Found a runed translucent gate.
  2246 | D:3      | Noticed a kobold brigand
  2246 | D:3      | Noticed logorrheac's ghost (amateur GnWn)
  2506 | D:4      | Reached XP level 5. HP: 30/41 MP: 5/5
  2588 | D:4      | Noticed Ijyb
  2600 | D:4      | Killed Ijyb
  2741 | D:4      | Found a shimmering blue altar of Sif Muna.
  2785 | D:4      | Reached skill level 1 in Shields
  2952 | D:4      | Reached XP level 6. HP: 48/48 MP: 6/6
  3298 | D:5      | Noticed an ice beast
  3315 | D:5      | Killed an ice beast
  3587 | D:5      | Noticed Edmund
  3605 | D:5      | Killed Edmund
  3606 | D:5      | Gained mutation: You have a tail ending in a sharp stinger.
                  | [demonic ancestry]
  3606 | D:5      | Reached XP level 7. HP: 23/54 MP: 7/7
  3745 | D:5      | Noticed Dowan
  3745 | D:5      | Noticed Duvessa
  3760 | D:5      | Killed Dowan
  3788 | D:5      | Noticed Prince Ribbit
  3794 | D:5      | Killed Prince Ribbit
  4271 | D:5      | Found Kawicanu's Jewellery Shop.
  4468 | D:5      | Found a staircase to the Ecumenical Temple.
  4505 | D:5      | Reached XP level 8. HP: 28/61 MP: 8/8
  4674 | Temple   | Entered the Ecumenical Temple
  4712 | Temple   | Became a worshipper of Gozag Ym Sagoz the Greedy
  5050 | D:5      | Killed Duvessa
  5071 | D:5      | Reached skill level 5 in Fighting
  5467 | D:6      | Found a glowing drain.
  5468 | D:6      | Noticed Blork the orc
  5495 | D:6      | Killed Blork the orc
  5562 | Sewer    | Entered a sewer
  5919 | D:6      | Found Adusifruri's Book Shoppe.
  6268 | D:6      | Reached XP level 9. HP: 64/68 MP: 9/9
  6338 | D:6      | Identified the +2 leather armour "Agaeppu Meoth" {rElec
                  | rCorr Str+3 Int-5}
  7043 | D:7      | Found Cokugg's Distillery.
  7063 | D:7      | Bought a potion of degeneration for 15 gold pieces
  7155 | D:7      | Reached skill level 5 in Dodging
  7160 | D:7      | Reached skill level 5 in Evocations
  7687 | D:7      | Found a shimmering altar of Xom.
  7989 | D:7      | Reached skill level 5 in Throwing
  7995 | D:7      | Reached skill level 5 in Armour
  8418 | D:7      | Gained mutation: You have a sharp stinger which inflicts
                  | weakening toxins. [demonic ancestry]
  8418 | D:7      | Reached XP level 10. HP: 63/77 MP: 10/10
  8572 | D:7      | Reached skill level 5 in Shields
  8579 | D:7      | Noticed a cyclops
  8628 | D:7      | Killed a cyclops
  8675 | D:7      | Found a sparkling altar of Nemelex Xobeh.
  9221 | D:8      | Found a sand-covered staircase.
  9229 | Ossuary  | Entered an ossuary
 10272 | D:8      | Noticed a soul eater
 10570 | D:7      | Noticed a sixfirhy
 10570 | D:7      | Noticed a sun demon
 10821 | D:8      | Noticed a soul eater
 11148 | D:8      | Found a staircase to the Lair.
 11581 | D:8      | Reached XP level 11. HP: 58/85 MP: 11/11
 11773 | D:9      | Noticed Harold
 11974 | D:9      | Killed Harold
 12109 | D:9      | Noticed a two-headed ogre
 12123 | D:9      | Killed a two-headed ogre
 12643 | D:10     | Entered Level 10 of the Dungeon
 12643 | D:10     | Noticed a two-headed ogre
 12648 | D:10     | Killed a two-headed ogre
 12852 | D:10     | Found a blossoming altar of Fedhas.
 13293 | D:3      | Bought the +8 demon blade "Leech" {vamp, Harm Drain rN+}
                  | for 2083 gold pieces
 13293 | D:3      | Found the +8 demon blade "Leech" {vamp, Harm Drain rN+}
 13480 | D:3      | Killed logorrheac's ghost
 13844 | D:10     | Found a broken altar of Ashenzari.
 13890 | D:10     | Found a sacrificial altar of Ru.
 13941 | D:10     | Reached skill level 1 in Long Blades
 14245 | Lair:1   | Entered Level 1 of the Lair of Beasts
 15160 | Lair:1   | Gained mutation: You regenerate magic rapidly. [demonic
                  | ancestry]
 15160 | Lair:1   | Reached XP level 12. HP: 40/94 MP: 12/12
 16208 | Lair:2   | Found a staircase to the Snake Pit.
 17599 | Lair:3   | Identified 2 scrolls of acquirement
 17600 | Lair:3   | Acquired the +7 plate armour of the Purple Skies {rF+ Will+
                  | Str+3 Int-5}
 17612 | Lair:3   | Acquired the +2 pair of gloves "Coaqier" {Int+4 SInv}
 17762 | Lair:3   | Found the +8 whip "Snakebite" {venom, curare, rPois}
 17876 | Lair:3   | Reached skill level 5 in Long Blades
 17912 | Lair:3   | Noticed a death yak
 17934 | Lair:3   | Noticed Nergalle
 17936 | Lair:3   | Noticed a death yak
 17937 | Lair:3   | Noticed a death yak
 17938 | Lair:3   | Noticed a death yak
 17939 | Lair:3   | Noticed a death yak
 18078 | Lair:3   | Found a staircase to the Shoals.
 18228 | Lair:3   | Killed a death yak
 18238 | Lair:3   | Killed a death yak
 18239 | Lair:3   | Gained mutation: You sometimes emit foul miasma when
                  | damaged in melee. [demonic ancestry]
 18239 | Lair:3   | Reached XP level 13. HP: 101/101 MP: 13/13
 18304 | Lair:3   | Killed Nergalle
 19172 | Lair:4   | Found a staircase to the Slime Pits.
 19763 | Lair:4   | Noticed a dire elephant
 19933 | Lair:4   | Reached skill level 10 in Fighting
 19953 | Lair:4   | Killed a dire elephant
 20242 | Lair:5   | Entered Level 5 of the Lair of Beasts
 20491 | Lair:4   | Reached XP level 14. HP: 79/110 MP: 14/14
 20747 | Lair:5   | Noticed Kirke
 20774 | Lair:5   | Killed Kirke
 21159 | Lair:5   | Reached skill level 10 in Evocations
 22940 | D:11     | Gained mutation: You frequently emit foul miasma when
                  | damaged in melee. [demonic ancestry]
 22940 | D:11     | Reached XP level 15. HP: 117/117 MP: 15/15
 23312 | D:11     | Acquired an amulet of guardian spirit
 23356 | D:11     | Found a staircase to the Orcish Mines.
 23944 | D:11     | Found a staircase to the Orcish Mines.
 24380 | Orc:1    | Entered Level 1 of the Orcish Mines
 24633 | Orc:1    | Found Kiludeth's Antique Weapon Shop.
 24666 | Orc:1    | Found Lahopse's Armour Shoppe.
 24674 | Orc:1    | Bought a +2 pair of boots of rampaging for 322 gold pieces
 24703 | Orc:1    | Found Erastaet's General Store.
 24710 | Orc:1    | Bought 2 scrolls of poison for 88 gold pieces
 24957 | Orc:1    | Found Arus's Antique Weapon Emporium.
 25083 | Orc:2    | Entered Level 2 of the Orcish Mines
 25763 | Orc:2    | Reached skill level 10 in Dodging
 25775 | Orc:2    | Reached skill level 10 in Long Blades
 25873 | Orc:2    | Found Rogy's General Store.
 25873 | Orc:2    | Found Jasuvah's Antique Armour Shoppe.
 25875 | Orc:2    | Found Xaecex's Armour Emporium.
 25877 | Orc:2    | Found Ficzy's Antique Armour Shop.
 25881 | Orc:2    | Bought 4 atropa-tipped darts for 33 gold pieces
 25939 | Orc:2    | Found Wagres's Magic Scroll Boutique.
 26099 | Orc:2    | Found a staircase to the Elven Halls.
 26163 | Orc:2    | Bought polished fire dragon scales for 2340 gold pieces
 26163 | Orc:2    | Identified the +1 fire dragon scales "Hanwyrr" {Harm rF++
                  | rC- Regen+ Int+7 Dex-4} (You bought it in a shop on level 2
                  | of the Orcish Mines)
 26169 | Orc:2    | Bought the +3 pair of seven-league boots {Rampage+∞} for
                  | 760 gold pieces
 26169 | Orc:2    | Found the +3 pair of seven-league boots {Rampage+∞}
 26329 | D:12     | Noticed Rezos's ghost (journeyman MiFi)
 26365 | D:12     | Found a runed translucent door.
 26366 | D:12     | Noticed a tengu reaver
 26366 | D:12     | Noticed a sphinx
 26367 | D:12     | Noticed a lich
 26368 | D:12     | Found a runed translucent door.
 26835 | D:13     | Found a gate leading to a gauntlet.
 26839 | D:13     | Found Caymi's Distillery.
 26857 | Gauntlet | Entered a Gauntlet
 26857 | Gauntlet | Found a transporter.
 26872 | Gauntlet | Found a transporter.
 26874 | Gauntlet | Found a transporter.
 26885 | Gauntlet | Found a transporter.
 26888 | Gauntlet | Found a transporter.
 26906 | Gauntlet | Found a transporter.
 26913 | Gauntlet | Found a runed translucent door.
 26914 | Gauntlet | Found a transporter.
 26925 | Gauntlet | Found a transporter.
 26938 | Gauntlet | Found a transporter.
 26952 | Gauntlet | Found a transporter.
 26965 | Gauntlet | Found a transporter.
 26965 | Gauntlet | Found a transporter.
 27018 | Gauntlet | Found a runed translucent door.
 27023 | Gauntlet | Found a transporter.
 27023 | Gauntlet | Found a transporter.
 27111 | Gauntlet | Reached skill level 10 in Throwing
 27145 | Gauntlet | Got the Volume of the Wintry Wind
 27162 | Gauntlet | Identified the +1 helmet of the Monkey's Uncle {Int+4}
 27386 | D:13     | Reached skill level 10 in Armour
 27405 | D:13     | Bought a potion of attraction for 30 gold pieces
 27405 | D:13     | Bought a potion of curing for 30 gold pieces
 27405 | D:13     | Bought a potion of lignification for 30 gold pieces
 27405 | D:13     | Bought a potion of lignification for 30 gold pieces
 27511 | D:13     | Found a gate to the Vaults.
 27723 | D:13     | Found Wopp's Pet Rocks.
 28084 | D:14     | Found a stormy altar of Qazlal.
 28135 | D:14     | Found a sparkling altar of Nemelex Xobeh.
 28151 | D:14     | Reached skill level 10 in Shields
 28683 | D:14     | Found Xogg's Magic Scroll Shop.
 29124 | D:15     | Entered Level 15 of the Dungeon
 29193 | D:15     | Noticed Rupert
 29548 | D:15     | Killed Rupert
 29696 | D:15     | Found a staircase to the Depths.
 29860 | D:15     | Identified the +10 dagger of Laater {vorpal, rN+}
 30040 | Elf:1    | Entered Level 1 of the Elven Halls
 30052 | Elf:1    | Gained mutation: You are mostly covered in molten scales.
                  | (AC +3) [demonic ancestry]
 30052 | Elf:1    | Reached XP level 16. HP: 127/127 MP: 16/16
 30144 | Elf:1    | Found a portal to a secret trove of treasure.
 30218 | Elf:1    | Noticed Nikola
 30243 | Elf:1    | Killed Nikola
 30265 | Elf:1    | Slain by a +3 halberd of protection

Illustrated notes

Levels and vault maps discovered:
D:1:      matt_arrival_grand_opening, layout_basic,
          shapermc_ecumenical_altar_venn
D:2:      minmay_diamond_boxcup, layout_basic, minmay_splitting_lines
D:3:      layout_rooms, serial_shops, nicolae_shop_overgrown_old_shop,
          gammafunk_ghost_nasty_kobolds, uniq_jessica
D:4:      layout_basic, led_sif_pool, uniq_ijyb
D:5:      layout_layer_cave, elyvilon_altar_5, minmay_temple_entry_mist,
          serial_shops, nicolae_shop_statue_plus, serial_glass, glass_columns_b,
          glass_columns_a, glass_columns_a, glass_columns_a, glass_columns_c,
          glass_columns_a, uniq_edmund, uniq_prince_ribbit1, uniq_duvessa
D:6:      layout_loops_corners, serial_undead, serial_undead_d, serial_undead_b,
          serial_undead_a, serial_undead_f, portal_sewer_entry_b, serial_shops,
          kennysheep_little_box, uniq_blork_the_orc
D:7:      lemuel_castle_with_subvaults [lemuel_castle_interior_carwin_2],
          layout_loops_ring, mainiacjoe_overflow_surrounded_room,
          mainiacjoe_overflow_big_doors, serial_shops, shop, hex_medium,
          chequers_big_river
D:8:      layout_cave_pools, grunt_lair_entry_orc_guard_hut, enter_ossuary_1
D:9:      layout_long_grid, uniq_harold
D:10:     layout_cave_pools, fedhas_altar_3, mainiacjoe_overflow_24_doors,
          mainiacjoe_overflow_boulevard, serial_ice, serial_ice_n, serial_ice_b,
          serial_ice_k, serial_ice_a, grunt_ministairs_11
D:11:     layout_small_grid, orc_0_dummy
D:12:     layout_gridville, muffindrake_ghost_dual_entry
D:13:     layout_loops_ring, erik_vaults_1, gauntlet_entry_generic,
          serial_shops, nicolae_shop_statue_plus, guppyfry_shop_earth
D:14:     layout_cave_pods, nicolae_qazlal_general_emergency, serial_shops,
          shop, nemelex_lonely_heart_becter
D:15:     grunt_enter_depths_hoard, layout_rooms, uniq_rupert
Temple:   eino_narrow_crystal_temple
Lair:1:   layout_concentric_octagons, serial_bayou_pond_a
Lair:2:   layout_layer_cave, guppyfry_snake_entry_garden
Lair:3:   minmay_guarded_unrand_snakebite, layout_small_grid,
          minmay_shoals_entry_centaurs, serial_bayou_lake_a, uniq_nergalle
Lair:4:   mu_elephants_graveyard, layout_gridlike, slime_entry_1
Lair:5:   due_jungle_book, layout_misc_corridors, serial_bayou_pond_e,
          nicolae_quartered_pool_medium, nicolae_lair_lil_pond,
          serial_bayou_shore_a, grunt_megastairs_2, uniq_kirke
Orc:1:    layout_caves, serial_shops, nicolae_shop_trees, shop, shop,
          nicolae_square_shop, nicolae_orc_pool_cavern
Orc:2:    st_orc_rangers, layout_caves, serial_shops,
          nicolae_shop_temple_entry_statues_fountains
Elf:1:    layout_gridlike, enter_trove_3, evilmike_minifort, uniq_nikola,
          uniq_zenata

Skill      XL: |  1  2  3  4  5  6  7  8  9 10 11 12 13 14 15 |
---------------+----------------------------------------------+-----
Dodging        | 2 3 4 5 6 7 8 9 10 | 10.6
Evocations     | 1 2 3 4 5 6 7 8 9 10 11 | 11.2
Armour         | 1 2 3 4 5 6 7 8 9 10 | 10.5
Throwing       | 1 2 3 4 5 6 7 8 9 10 | 10.5
Axes           | 2 |  2.1
Shields        | 1 2 3 4 6 7 8 9 10 | 10.3
Fighting       | 4 5 6 7 8 9 10 11 | 11.8
Long Blades    | 2 5 7 9 10 | 10.6
Stealth        | |  4.5

Action                   |  1- 3 |  4- 6 |  7- 9 | 10-12 | 13-15 | 16-18 || total
-------------------------+-------+-------+-------+-------+-------+-------++-------
Melee: Hand axe          |    48 |       |       |       |       |       ||    48
       Whip              |    54 |   124 |   505 |   499 |       |       ||  1182
       Tailslap          |       |    16 |    86 |   184 |   348 |     2 ||   636
       Flail             |       |       |     6 |       |       |       ||     6
       Demon blade       |       |       |       |   398 |  1541 |    45 ||  1984
Throw: Javelin           |       |       |     4 |     7 |     5 |       ||    16
       Dart              |       |       |       |     1 |     2 |       ||     3
Invok: Call Merchant     |       |       |       |       |     2 |       ||     2
Evoke: Wand              |       |       |     9 |     8 |     3 |       ||    20
       Box of beasts     |       |       |       |       |     1 |       ||     1
       Condenser vane    |       |       |       |       |     1 |       ||     1
  Use: Potion            |       |       |     2 |     4 |       |       ||     6
       Scroll            |       |       |     5 |    18 |    12 |       ||    35
 Stab: Sleeping          |     8 |     2 |     6 |     2 |       |       ||    18
       Distracted        |       |       |     5 |     7 |    11 |       ||    23
       Paralysed         |       |       |       |     2 |       |       ||     2
Armor: Ring mail         |    42 |    57 |   214 |   307 |       |       ||   620
       Leather armour    |     4 |       |       |       |       |       ||     4
       Plate armour      |       |       |       |   158 |  1559 |    12 ||  1729
Dodge: Dodged            |    56 |    30 |   192 |   531 |   802 |     7 ||  1618
Block: Tower shield      |    10 |    82 |   371 |   923 |  1859 |    31 ||  3276
       Reflection        |       |       |       |       |       |     7 ||     7

Table legend: (Time is in decaauts)
 A = Elapsed time spent in this place.
 B = Non-inter-level travel time spent in this place.
 C = Inter-level travel time spent in this place.
 D = Time resting spent in this place.
 E = Time spent auto-exploring this place.
 F = Levels seen in this place.
 G = Mean time per level.
                   A        B        C        D        E       F      G
               +--------+--------+--------+--------+--------+-----+--------+
         Total |  31312 |  29464 |   1848 |   1514 |  20795 |  27 | 1159.7 |
       Dungeon |  19281 |  18090 |   1191 |   1289 |  12745 |  15 | 1285.4 |
        Temple |     53 |     38 |     15 |      0 |     31 |   1 |   53.0 |
          Lair |   8732 |   8247 |    485 |    225 |   5823 |   5 | 1746.4 |
  Orcish Mines |   1884 |   1731 |    153 |      0 |   1276 |   2 |  942.0 |
   Elven Halls |    227 |    227 |      0 |      0 |    138 |   1 |  227.0 |
         Sewer |    356 |    356 |      0 |      0 |    235 |   1 |  356.0 |
       Ossuary |    251 |    251 |      0 |      0 |    149 |   1 |  251.0 |
      Gauntlet |    524 |    524 |      0 |      0 |    398 |   1 |  524.0 |
               +--------+--------+--------+--------+--------+-----+--------+

Top non-repeatable levels by time:
     D:7: 3240 daAuts
  Lair:5: 2202 daAuts
  Lair:2: 2087 daAuts
     D:5: 2063 daAuts
     D:8: 1789 daAuts
    D:11: 1720 daAuts
  Lair:3: 1706 daAuts
  Lair:4: 1425 daAuts
    D:14: 1365 daAuts
     D:6: 1329 daAuts
  Lair:1: 1309 daAuts
     D:4: 1260 daAuts
     D:9: 1109 daAuts
    D:10: 1048 daAuts
   Orc:1: 1020 daAuts
